 Dungeon Crawl Stone Soup version 0.32-a0-798-gfa783ce77f (webtiles) character file.

Game seed: 10154961358300934420

550306 PanSaczeczos the Maledictor (level 25, -17/123 HPs)
             Began as a Spriggan Brigand on Mar 20, 2024.
             Was a Priest of Hepliaklqana.
             Killed from afar by a quicksilver dragon (33 damage)
             ... with a bolt of dispelling energy
             ... on level 4 of the Vaults on Mar 21, 2024.
             The game lasted 03:33:24 (80879 turns).

PanSaczeczos the Maledictor (Spriggan Brigand)     Turns: 80879, Time: 03:33:25

Health: -17/123    AC:  5    Str:  7    XL:     25   Next: 3%
Magic:  47/49      EV: 24    Int: 24    God:    Hepliaklqana [***...]
Gold:   6670       SH:  5    Dex: 17    Spells: 5/48 levels left

rFire   + + +        b - +2 arbalest of Intuition {freeze, Fly}
rCold   + . .        (shield currently unavailable)
rNeg    + + +        I - +1 robe {rC+ rF+}
rPois   ∞            G - +0 hat "Jaubb" {Stlth+}
rElec   +            B - +1 cloak {Stlth+}
rCorr   +            (gloves unavailable)
SInv    +            (boots unavailable)
Will    +++++        U - amulet of reflection
Stlth   +++++++      D - ring "Joumn" {Fire rElec Will+ rCorr Dex-4 Slay+3}
HPRegen 0.40/turn    i - ring "Boacw" {rF+ rCorr MP+9 Int+4}
MPRegen 0.31/turn

%: reflection
@: death-form, flying, very quick
A: vile attack, torment immunity, no potions, reduced essence, very small, no
large weapons, unfitting armour, see invisible, speed 3
}: 3/15 runes: serpentine, barnacled, silver
a: Siphon Essence, Begin Untransformation, Renounce Religion, Recall Ancestor,
Ancestor Identity, Transference


You were on level 4 of the Vaults.
You worshipped Hepliaklqana.
Hepliaklqana was most pleased with you.
You were an undying horror.
You visited 10 branches of the dungeon, and saw 46 of its levels.
You also visited: Trove and Ice Cave.

You collected 8869 gold pieces.
You spent 2199 gold pieces at shops.

Inventory:

Hand Weapons
 a - a +2 dagger of electrocution
 b - the +2 arbalest of Intuition (weapon) {freeze, Fly}
   (You found it on level 3 of the Elven Halls)

   Fly:       It grants you flight.
Missiles
 e - 25 curare-tipped darts
 l - 4 throwing nets {!f}
Armour
 B - a +1 cloak of stealth (worn)
 G - the +0 hat "Jaubb" (worn) {Stlth+}
   (You acquired it on level 3 of the Crypt)

   Stlth+:    It makes you more stealthy.
 I - a +1 robe of resistance (worn)
Jewellery
 i - the ring "Boacw" (right hand) {rF+ rCorr MP+9 Int+4}
   (You found it in a treasure trove)

   [ring of magical power]

   Int+4:     It affects your intelligence (+4).
   rF+:       It protects you from fire.
   MP+9:      It affects your magic capacity (+9).
   rCorr:     It protects you from acid and corrosion.
 m - the ring of the Mage {Wiz Archmagi}
   (You found it in a treasure trove)

   [ring of wizardry]

   Wiz:       It improves your spell success rate.
   Archmagi:  It increases the power of your magical spells.
 t - a ring of flight
 D - the ring "Joumn" (left hand) {Fire rElec Will+ rCorr Dex-4 Slay+3}
   (You found it on level 8 of the Dungeon)

   [ring of fire]

   Fire:      It enhances your fire magic.
   Dex-4:     It affects your dexterity (-4).
   Slay+3:    It affects your accuracy & damage with ranged weapons and melee
   (+3).
   rF+:       It protects you from fire.
   rC-:       It makes you vulnerable to cold.
   rElec:     It insulates you from electricity.
   Will+:     It increases your willpower.
   rCorr:     It protects you from acid and corrosion.
 U - an amulet of reflection (around neck)
Talismans
 c - a granite talisman
 J - a talisman of death (active)
Wands
 d - a wand of acid (10)
 k - a wand of flame (77)
 v - a wand of charming (61)
 w - a wand of roots (2)
 M - a wand of digging (10)
 S - a wand of mindburst (18)
 X - a wand of polymorph (28)
Scrolls
 o - 10 scrolls of amnesia {!r}
 p - 2 scrolls of blinking {!r}
 q - 3 scrolls of enchant armour {!r}
 r - 10 scrolls of immolation {!r}
 u - 6 scrolls of teleportation {!r}
 x - 5 scrolls of fog {!r}
 E - a scroll of torment {!r}
 F - a scroll of enchant weapon {!r}
 H - 8 scrolls of poison {!r}
 K - a scroll of silence {!r}
 P - 4 scrolls of revelation {!r}
 Q - 4 scrolls of fear {!r}
 Z - 6 scrolls of vulnerability {!r}
Potions
 f - 8 potions of haste
 g - 11 potions of heal wounds
 h - 3 potions of invisibility
 j - 2 potions of berserk rage
 n - 3 potions of magic
 s - 10 potions of might {@q3}
 y - 4 potions of cancellation
 A - 11 potions of ambrosia
 C - 8 potions of brilliance
 N - 3 potions of resistance
 O - 4 potions of attraction
 R - 2 potions of lignification
 T - 7 potions of enlightenment
 Y - 23 potions of curing
Miscellaneous
 z - a tin of tremorstones (2/2)
 L - a lightning rod (4/4)
 V - a phantom mirror
 W - a phial of floods


   Skills:
 + Level 15.7 Fighting
 - Level 5.0 Short Blades
 - Level 18.0 Ranged Weapons
 - Level 2.0 Throwing
 - Level 12.0 Dodging
 - Level 13.0 Stealth
 - Level 12.0 Spellcasting
 - Level 26.0 Hexes
 - Level 4.0 Summonings
 - Level 4.0 Necromancy
 - Level 22.0 Translocations
 - Level 7.0 Invocations
 - Level 8.0 Evocations
 - Level 23.0 Shapeshifting


You had 5 spell levels left.
You knew the following spells:

 Your Spells              Type           Power      Damage    Failure   Level
b - Blink                 Tloc           100%       N/A       0%          2
c - Anguish               Hex/Necr       36%        N/A       1%          4
d - Dispersal             Tloc           44%        N/A       1%          6
j - Disjunction           Tloc           44%        N/A       3%          8
v - Summon Mana Viper     Hex/Summ       72%        N/A       1%          5
D - Discord               Hex            47%        N/A       1%          8
E - Enfeeble              Hex            47%        N/A       1%          7
T - Tukima's Dance        Hex            95%        N/A       0%          3

Your spell library contained the following spells:

 Spells                   Type           Power      Damage    Failure   Level
 Slow                     Hex            100%       N/A       0%          1
 Lesser Beckoning         Tloc           100%       N/A       0%          2
 Confusing Touch          Hex            95%        N/A       0%          3
 Gell's Gravitas          Tloc           88%        N/A       0%          3
 Teleport Other           Tloc           88%        N/A       0%          3
 Cause Fear               Hex            47%        N/A       0%          4
 Dimensional Bullseye     Hex/Tloc       46%        N/A       0%          4
 Manifold Assault         Tloc           88%        N/A       0%          4
 Kiss of Death            Conj/Necr      96%        2d12      1%          1
 Summon Small Mammal      Summ           100%       N/A       1%          1
 Call Imp                 Summ           66%        N/A       1%          2
 Ensorcelled Hibernation  Hex/Ice        100%       N/A       1%          2
 Momentum Strike          Conj/Tloc      100%       3d10      1%          2
 Sublimation of Blood     Necr           33%        N/A       1%          2
 Dazzling Flash           Conj/Hex       100%       N/A       1%          3
 Inner Flame              Hex/Fire       86%        N/A       1%          3
 Volatile Blastmotes      Fire/Tloc      100%       2d18      1%          3
 Iskenderun's Mystic Bla  Conj/Tloc      61%        2d13      1%          4
 Vhi's Electric Charge    Tloc/Air       100%       N/A       1%          4
 Metabolic Englaciation   Hex/Ice        33%        N/A       1%          5
 Silence                  Hex/Air        33%        N/A       1%          5
 Call Canine Familiar     Summ           33%        N/A       2%          3
 Fugue of the Fallen      Necr           33%        N/A       2%          3
 Vampiric Draining        Necr           33%        2d8       2%          3
 Cigotuvi's Dreadful Rot  Necr/Alch/Air  40%        N/A       3%          2
 Freeze                   Ice            56%        1d7       4%          1
 Sandblast                Erth           28%        2d8       4%          1
 Sting                    Conj/Alch      56%        1d6       4%          1
 Summon Ice Beast         Ice/Summ       24%        N/A       5%          3
 Scorch                   Fire           42%        2d6       6%          2
 Animate Dead             Necr           33%        N/A       9%          4
 Dispel Undead            Necr           33%        3d14      9%          4
 Martyr's Knell           Necr/Summ      33%        N/A       9%          4
 Frozen Ramparts          Ice            28%        1d5       13%         3
 Hailstorm                Conj/Ice       14%        3d6       13%         3
 Mephitic Cloud           Conj/Alch/Air  14%        N/A       13%         3
 Stone Arrow              Conj/Erth      28%        3d8       13%         3
 Animate Armour           Summ/Erth      48%        N/A       19%         4
 Summon Blazeheart Golem  Fire/Summ      36%        N/A       19%         4
 Summon Lightning Spire   Summ/Air       24%        N/A       19%         4
 Curse of Agony           Necr           33%        N/A       22%         5
 Brom's Barrelling Bould  Conj/Erth      14%        2d4       38%         4
 Flame Wave               Conj/Fire      21%        2d8       38%         4
 Fulminant Prism          Conj/Alch      7%         3d7       38%         4
 Leda's Liquefaction      Alch/Erth      7%         N/A       38%         4
 Petrify                  Alch/Erth      14%        N/A       38%         4
 Sticky Flame             Fire/Alch      21%        2d6       38%         4
 Arcjolt                  Conj/Air       7%         1d17      75%         5
 Fireball                 Conj/Fire      10%        3d6       75%         5
 Freezing Cloud           Conj/Ice/Air   7%         6-21      75%         5
 Irradiate                Conj/Alch      7%         3d14      75%         5
 Iskenderun's Battlesphe  Conj           14%        2d7       75%         5
 Lee's Rapid Deconstruct  Erth           7%         3d6*      75%         5
 Summon Cactus Giant      Summ           16%        N/A       77%         6
 Conjure Ball Lightning   Conj/Air       7%         3x3d6     100%        6
 Permafrost Eruption      Ice/Erth       7%         2x4d3     100%        6
 Plasma Beam              Fire/Air       10%        2x1d21    100%        6
 Sculpt Simulacrum        Ice/Alch       7%         N/A       100%        6
 Haunt                    Necr/Summ      16%        N/A       100%        7
 Monstrous Menagerie      Summ           16%        N/A       100%        7
 Orb of Destruction       Conj           7%         9d6       100%        7
 Ozocubu's Refrigeration  Ice            7%         4d9       100%        7
 Spellforged Servitor     Conj/Summ      12%        N/A       100%        7
 Summon Hydra             Summ           16%        N/A       100%        7
 Ignition                 Fire           10%        3d5       100%        8
 Infestation              Necr           16%        N/A       100%        8
 Maxwell's Capacitive Co  Air            7%         ∞         100%        8
 Chain Lightning          Conj/Air       7%         3d9       100%        9
 Fire Storm               Conj/Fire      10%        8d3       100%        9
 Polar Vortex             Ice            7%         N/A       100%        9
 Shatter                  Erth           7%         3d9*      100%        9


Dungeon Overview and Level Annotations

Branches:
Dungeon (15/15) Zot: 22876  Temple (1/1) D:6 Zot: 5661    Lair (5/5) D:11 Zot: 22402
 Shoals (4/4) Lair:2 Zot: 14751   Snake (4/4) Lair:3 Zot: 13169   Slime (0/5) Lair:5
    Orc (2/2) D:12 Zot: 9191     Elf (3/3) Orc:2 Zot: 10486  Vaults (5/5) D:13 Zot: 16671
  Crypt (3/3) Vaults:2 Zot: 10645    Tomb (0/3) Crypt:3      Depths (4/4) D:15 Zot: 10577
    Zot (0/5) Depths:4      IceCv (visited)

Altars:
Ashenzari
Cheibriados
Dithmenos
Elyvilon
Fedhas
Gozag
Hepliaklqana
Kikubaaqudgha
Makhleb
Nemelex Xobeh
Okawaru
Qazlal
Ru
Sif Muna
Trog
Uskayaw
Vehumet
Wu Jian
Xom
Yredelemnul
Zin
The Shining One
Beogh
Jiyva
Lugonu

Shops:
Orc:2 (([!   Elf:3 (!   Shoals:1 *   Shoals:2 *[[*(*   Shoals:3 =(
Snake:1 :=:   Vaults:3 :   Vaults:4 *   Depths:1 ![:   Depths:3 *

Portals:
Hell: Depths:1 Depths:2 Depths:3 Depths:4
Abyss: Depths:1 Depths:2 Depths:3
Pandemonium: Depths:2
Ziggurat: Depths:2

Annotations:
D:6 exclusion: door
D:7 2 runed translucent doors, terter's ghost, novice DEEE
D:11 6 transporters
Lair:4 2 transporters, Aquxosh's ghost, journeyman HuCj
Lair:5 exclusion: obsidian statue
Snake:2 1 runed translucent door, Tytzein's ghost, adept DjAl
Elf:2 3 runed translucent doors, exclusion: 3 doors
Crypt:1 1 runed translucent door, Semo's ghost, veteran OnAl
Depths:1 1 runed translucent door, exclusion: door, Baicef's ghost, veteran MfIE
Depths:2 exclusions: dread lich and 3 more exclusions


Innate Abilities, Weirdness & Mutations

You are an undying horror.
Your melee and unarmed attacks drain, slow and weaken victims.
You are immune to unholy pain and torment.
You cannot drink.
You are immune to poison.
Your life essence is reduced to manifest your ancestor. (-10% HP)
You are very small and have problems with some larger weapons.
You are too small for most types of armour.
You have supernaturally acute eyesight. (SInv)
You cover ground extremely quickly. (Speed+++)


Message History

The golden dragon is almost dead.
The golden dragon is no longer weakened.
Nuheus hits the golden dragon with a +0 antimagic quick blade!
Nuheus hits the golden dragon but does no damage.
The titan hits you!!!
* * * LOW HITPOINT WARNING * * *
The golden dragon bites Nuheus but does no damage.
The golden dragon completely misses Nuheus.
The golden dragon tramples Nuheus but does no damage.
Nuheus casts a spell.
The titan resists with almost no effort.
The quicksilver dragon resists with almost no effort.
The golden dragon resists with almost no effort.
Unknown command.
The quicksilver dragon bites you.
* * * LOW HITPOINT WARNING * * *
The quicksilver dragon claws you.
* * * LOW HITPOINT WARNING * * *
The titan hits you!!!
* * * LOW HITPOINT WARNING * * *
The golden dragon bites Nuheus!
The golden dragon claws Nuheus!
The golden dragon tramples Nuheus.
Nuheus is shoved backwards!
Nuheus mumbles some strange words.
The titan resists with almost no effort.
The quicksilver dragon resists with almost no effort.
The golden dragon resists with almost no effort.
The quicksilver dragon bites you!
* * * LOW HITPOINT WARNING * * *
The quicksilver dragon completely misses you.
You fly upwards.
There is a stone staircase leading down here.
Blink to where?
Press: ? - help, Dir - move target
As you read the scroll of blinking {!r}, it crumbles to dust.
You reach down and close the door.
Something unseen breaks down the door.
The quicksilver dragon breathes dispelling energy at you.
The bolt of dispelling energy hits you!!
You die...
Hepliaklqana delivers you to your ancestors.

··#'···# #······#·····#
#·········· ··#····#
#······#p····# ##########'
··#····# ########·····# #·
··#····# #·····# #·
######'##########·····# #·
·^············)·······# #·
······················# #·
···················«··# #·
·················z····# ##
··········D···········#
#########'#######'###########
# #·····# #···#···#···# ##
##·····## #···#···#···# ·#
#·······# ##·###·###·## R##
##···C···####·###·###·##
··####···[D·>··##·#···#R··#·#
#···##·····"···##·#···#···#·#


You could see a quicksilver dragon (catching breath) and an arcanist
(wandering).

Vanquished Creatures
  Mennas (Depths:2)
  Bai Suzhen (Shoals:4)
  A curse toe (Crypt:3)
  A bone dragon (Depths:4)
  A golden dragon (Depths:2)
  2 titans
  2 liches
  4 tentacled monstrosities
  A deep elf blademaster (Elf:3)
  A deep elf master archer (Elf:3)
  An ancient champion (Crypt:3)
  A storm dragon (Depths:4)
  2 tengu reavers
  A revenant (Crypt:1)
  2 shadow dragons (Vaults:5)
  9 nagarajas
  2 fire giants (Depths:2)
  An iron dragon (Depths:3)
  3 frost giants
  A deep elf sorcerer (Elf:2)
  5 vault wardens
  3 deep elf elementalists (Elf:3)
  4 ironbound preservers
  A curse skull (Crypt:1)
  The ghost of Peqemp the Warrior, a journeyman MiMo of Okawaru (D:14)
  3 ironbound thunderhulks
  A spriggan defender (Depths:2)
  16 very ugly things
  8 stone giants
  A juggernaut skeleton (Depths:1)
  A deep elf death mage (Elf:3)
  2 vampire knights
  10 dire elephants
  6 deep elf demonologists
  5 spark wasps
  A red draconian (Depths:4)
  A deep elf annihilator (Elf:3)
  A white draconian (Depths:4)
  2 eidola (Crypt:3)
  2 ettins
  2 merfolk javelineers
  A quicksilver dragon zombie (Depths:1)
  12 jiangshi
  2 fire dragons
  An entropy weaver (Vaults:2)
  A mummy priest (Crypt:3)
  3 merfolk impalers
  A rakshasa (Depths:2)
  2 deep elf high priests (Elf:3)
  4 vault guards
  6 great orbs of eyes
  13 yaktaur captains
  A salamander tyrant (Snake:4)
  4 ogre magi
  The ghost of Uzxid the Fencer, a journeyman MfGl of Okawaru (D:14)
  3 hydras
  A peacekeeper (Vaults:1)
  2 ice dragons
  A merfolk avatar (Shoals:4)
  4 boulder beetles
  3 ironbound frosthearts (Vaults:1)
  7 centaur warriors
  6 anacondas
  An Orb Guardian zombie (Crypt:3)
  3 dancing weapons (Elf:2)
  2 death knights (Crypt:1)
  A two-headed ogre (shapeshifter) (Depths:3)
  5 tengu warriors
  4 deep troll shamans
  A merfolk aquamancer (Shoals:1)
  9 two-headed ogres
  9 death yaks
  4 soul eaters
  6 deep troll earth magi
  4 satyrs
  2 orc high priests (Orc:2)
  6 shock serpents
  3 occultists
  Urug (Orc:1)
  3 vampire magi
  11 naga warriors
  2 spriggan berserkers
  A spriggan (Depths:4)
  2 shadow wraiths (Crypt:3)
  3 skeletal warriors
  3 sun demons
  17 naga sharpshooters
  2 skysharks (Shoals:2)
  4 deep elf knights
  5 iron trolls
  An iron giant zombie (Crypt:3)
  The ghost of chipmonk the Chopper, a novice CoGl of Makhleb (D:8)
  4 salamander mystics
  6 mana vipers
  A goliath frog (Lair:4)
  An orb spider (shapeshifter) (Vaults:1)
  8 sea snakes
  3 arcanists
  21 deep trolls
  4 deep elf archers
  20 harpies
  2 spriggan simulacra
  6 lindwurms
  A golden dragon zombie (Crypt:3)
  21 deep elf zephyrmancers
  A glowing orange brain (Depths:1)
  A tengu zombie (Depths:1)
  A naga ritualist (Snake:1)
  5 orc knights
  A jorogumo zombie (Crypt:3)
  A sphinx simulacrum (Vaults:4)
  7 ironbound convokers
  2 phantasmal warriors (Crypt:2)
  5 necromancers
  A frost giant zombie (Crypt:1)
  9 manticores
  4 orc sorcerers (Orc:2)
  A wolf spider (D:14)
  20 deep elf pyromancers
  12 cyclopes
  13 fauns
  A naga zombie (Crypt:3)
  Maurice (Orc:1)
  2 stone giant skeletons
  13 salamanders
  18 ugly things
  7 guardian serpents
  9 elephants
  2 kobold blastminers
  19 slime creatures
  14 naga magi
  2 merfolk sirens
  A torpor snail (shapeshifter) (Depths:2)
  22 black mambas
  8 vault sentinels
  9 cane toads
  8 water nymphs
  A cane toad (shapeshifter) (Elf:2)
  A dire elephant skeleton (Lair:5)
  A gargoyle (D:13)
  A hellion (Depths:2)
  17 yaktaurs
  A smoke demon (Depths:2)
  3 centaur skeletons (D:13)
  An unseen horror (shapeshifter) (D:15)
  4 freezing wraiths
  2 rime drakes
  9 komodo dragons
  A tengu conjurer (Depths:2)
  2 guardian mummies (Crypt:1)
  Psyche (D:9)
  A red draconian skeleton (Crypt:3)
  13 polar bears
  22 merfolk
  3 trolls
  2 hornets (Depths:4)
  7 snapping turtles
  A wind drake (Shoals:1)
  A dream sheep (shapeshifter) (Vaults:5)
  11 blink frogs
  21 dream sheep
  A fire giant simulacrum (Depths:1)
  A guardian serpent skeleton (Crypt:2)
  2 air elementals (Elf:2)
  A satyr skeleton (Crypt:2)
  3 shadows
  A culicivora (shapeshifter) (D:14)
  35 yaks
  Sigmund (D:2)
  8 water elementals
  7 wyverns
  5 vampires
  7 wraiths
  An ushabti (Crypt:3)
  4 basilisks
  A warg (Orc:1)
  2 fire elementals
  3 steam dragons
  6 redbacks
  3 acid dragons
  A death yak simulacrum (Lair:5)
  An entropy weaver zombie (Crypt:1)
  34 nagas
  18 water moccasins
  An elephant zombie (D:6)
  2 black bears
  A sky beast (D:7)
  3 laughing skulls
  16 orc warriors
  2 ice beasts
  6 ogres
  14 wolves
  7 centaurs
  A boggart (D:13)
  3 kobold brigands
  A phantom (D:7)
  A rime drake zombie (Crypt:2)
  9 bullfrogs
  An earth elemental (Elf:1)
  2 scorpions (D:6)
  2 cane toad simulacra (Lair:5)
  9 hexers
  A burial acolyte (D:6)
  13 killer bees
  2 howler monkeys
  3 electric eels
  2 bombardier beetles
  2 human zombies (Crypt:1)
  4 jellies (Lair:5)
  3 centaur zombies (D:6)
  2 gnoll boudas
  28 orc priests
  A sleepcap (D:7)
  7 hounds
  4 scorpion zombies (D:6)
  3 iguanas
  34 orc wizards
  A human skeleton (Crypt:1)
  3 hell rats (Lair:5)
  A killer bee zombie (D:6)
  An acid dragon skeleton (Crypt:3)
  3 howler monkey zombies (D:6)
  A mummy (Crypt:1)
  Robin (D:2)
  11 gnolls
  10 adders
  3 white imps
  2 ufetubi (D:6)
  4 adder zombies (D:6)
  3 dart slugs
  A ribbon worm (D:3)
  72 orcs
  5 bats
  6 endoplasms
  18 goblins
  6 hobgoblins
  4 jackals
  4 quokkas
  A ball python (D:3)
  2 frilled lizards
  A hobgoblin zombie (Crypt:2)
  A jackal skeleton (Crypt:2)
  2 jackal zombies (D:6)
  14 kobolds
  6 rats
  A tentacle (Shoals:4)
1278 creatures vanquished.

Vanquished Creatures (collateral kills)
  A dread lich (Vaults:5)
  Xtahua (Depths:3)
  3 golden dragons
  A profane servitor (Crypt:2)
  A bone dragon (Depths:4)
  Zenata (Elf:2)
  3 liches
  4 tentacled monstrosities
  A titan (Depths:3)
  A quicksilver dragon (Depths:2)
  A deep elf blademaster (Elf:1)
  Polyphemus (Shoals:3)
  5 ancient champions
  4 shadow dragons
  6 sphinxes
  3 tengu reavers (Vaults:5)
  Roxanne (Shoals:1)
  A storm dragon (Vaults:3)
  3 revenants
  9 nagarajas (Snake:4)
  8 frost giants
  A draconian knight (Depths:4)
  2 fire giants
  A draconian shifter (Depths:4)
  9 vault wardens
  An iron dragon (Vaults:5)
  2 deep elf sorcerers
  An orc warlord (Vaults:1)
  A reaper (Depths:2)
  11 very ugly things
  A quicksilver ooze (shapeshifter) (Depths:2)
  9 ironbound preservers
  2 green draconians (Depths:4)
  2 ironbound thunderhulks
  2 formless jellyfish
  A vampire knight (Crypt:3)
  6 stone giants
  3 deep elf death magi
  A black draconian (Depths:4)
  A deep elf demonologist (Elf:3)
  6 dire elephants
  A red draconian (Depths:4)
  A war gargoyle (Vaults:5)
  2 spark wasps
  A purple draconian (Depths:4)
  A yellow draconian (Depths:4)
  A deep elf annihilator (Elf:1)
  4 merfolk javelineers
  3 fire dragons
  A mummy priest (Crypt:3)
  7 ettins
  5 yaktaur captains
  11 jiangshi
  2 deep elf high priests
  9 great orbs of eyes
  2 entropy weavers
  Josephine (Orc:2)
  An ogre mage (D:13)
  2 merfolk impalers
  28 vault guards
  Erolcha (Orc:1)
  2 rakshasas
  8 anacondas
  9 ironbound frosthearts
  6 ice dragons
  5 spriggan air magi
  3 salamander tyrants
  2 merfolk avatars
  4 centaur warriors
  3 boulder beetles
  A catoblepas (Shoals:3)
  2 merfolk aquamancers
  5 dancing weapons
  A satyr (Shoals:4)
  A death knight (Crypt:1)
  2 death yaks (Shoals:3)
  5 deep troll earth magi
  4 tengu warriors
  A bennu skeleton (Crypt:2)
  2 spriggan berserkers
  7 naga warriors
  2 deep troll shamans (Depths:4)
  8 vampire magi
  A shock serpent (shapeshifter) (Depths:2)
  A shock serpent (Snake:3)
  2 deep elf knights
  7 naga sharpshooters
  An orc high priest (Elf:3)
  A hell knight (Depths:2)
  A shadow wraith (Crypt:2)
  7 iron trolls
  A spectral anaconda (Lair:5)
  4 skeletal warriors
  9 sea snakes
  6 salamander mystics
  A death drake (shapeshifter) (Vaults:2)
  2 bog bodies (Shoals:1)
  A spectral death yak (Lair:5)
  27 deep trolls
  An anaconda zombie (Crypt:3)
  4 glowing orange brains
  5 flayed ghosts
  3 naga ritualists (Snake:4)
  3 arcanists
  A glowing orange brain (shapeshifter) (Vaults:5)
  An orb spider (shapeshifter) (Depths:4)
  5 deep elf archers
  A mana viper (Snake:1)
  2 thermic dynamos (Elf:3)
  4 phantasmal warriors
  7 ironbound convokers
  3 necromancers
  4 deep elf pyromancers
  A harpy (Shoals:2)
  A lindwurm (Vaults:1)
  4 deep elf zephyrmancers (Elf:1)
  A tengu skeleton (Depths:1)
  16 ugly things
  An alligator zombie (Crypt:2)
  2 fauns (Shoals:4)
  A jorogumo skeleton (Crypt:1)
  16 salamanders
  A centaur zombie (Crypt:3)
  5 cyclopes
  A wolf spider (Lair:1)
  An eleionoma skeleton (Crypt:2)
  4 manticores
  A dire elephant zombie (Crypt:3)
  A kobold blastminer (Orc:1)
  A black mamba (shapeshifter) (D:15)
  15 black mambas
  5 water nymphs
  5 guardian serpents
  8 naga magi
  2 merfolk sirens
  3 elephants
  2 centaur skeletons
  6 vault sentinels
  3 cane toads
  2 rime drakes
  7 hexers
  4 komodo dragons
  24 yaktaurs
  An iron troll zombie (Crypt:3)
  4 freezing wraiths
  19 merfolk
  5 guardian mummies
  A purple draconian skeleton (Crypt:1)
  A harpy zombie (Crypt:3)
  3 wind drakes
  4 hornets
  3 polar bears (IceCv)
  A glass eye (Depths:2)
  A guardian serpent zombie (Crypt:1)
  2 blink frogs
  3 snapping turtles
  6 dream sheep
  7 slime creatures
  A satyr skeleton (Crypt:2)
  A wyvern (Lair:4)
  An ettin skeleton (Crypt:2)
  4 spriggans (Depths:4)
  4 water elementals
  2 wraiths
  2 ushabtiu (Crypt:3)
  A black mamba skeleton (Crypt:3)
  A warg (Orc:1)
  8 yaks
  A redback (Vaults:4)
  3 basilisks
  A spectral cane toad (Lair:5)
  3 vampire mosquitoes (D:14)
  A death yak simulacrum (Lair:5)
  An acid dragon (D:13)
  2 naga zombies (Crypt:3)
  A naga (shapeshifter) (D:13)
  13 nagas
  5 water moccasins
  A cane toad skeleton (Crypt:2)
  10 orc warriors
  An elephant zombie (Lair:5)
  3 ice beasts
  2 ogres
  5 wolves
  A centaur (D:10)
  2 kobold brigands
  A bullfrog (Lair:4)
  An earth elemental (Elf:3)
  A komodo dragon skeleton (Crypt:1)
  A cyclops zombie (Crypt:1)
  A cane toad simulacrum (Lair:5)
  2 killer bees
  2 electric eels
  A wyvern simulacrum (D:8)
  A human zombie (Crypt:1)
  A black bear zombie (Crypt:1)
  A hound (D:11)
  3 orc priests
  4 orc wizards
  A hell rat (Lair:5)
  A mummy (Crypt:1)
  A gnoll (D:7)
  3 adders (Lair:1)
  2 white imps (D:8)
  21 orcs
  3 kobolds (D:6)
  2 tentacles (Shoals:4)
745 creatures vanquished.

Vanquished Creatures (others)
  A deep elf blademaster (Elf:3)
  A deep elf master archer (Elf:3)
  A vault warden (Vaults:3)
  An ironbound preserver (Vaults:3)
  3 very ugly things (Depths:2)
  An entropy weaver (Vaults:3)
  2 vault guards (Vaults:5)
  A centaur warrior (Vaults:3)
  2 tengu warriors (Depths:1)
  A deep troll shaman (Depths:4)
  3 dancing weapons
  2 deep elf knights
  A shadow wraith (Crypt:3)
  An iron troll (Depths:2)
  4 deep trolls
  An ironbound convoker (Vaults:3)
  A harpy (Shoals:2)
  A salamander (Depths:2)
  2 vault sentinels (Vaults:3)
  A freezing wraith (Crypt:3)
  5 yaktaurs (Vaults:3)
  A tengu conjurer (Depths:1)
  A vampire (Crypt:3)
  A redback (Vaults:3)
  140 hexers
  11 ancestors
  33 tentacles
223 creatures vanquished.

Grand Total: 2246 creatures vanquished

Notes
Turn   | Place    | Note
-------+----------+-------------------------------------------
     0 | D:1      | PanSaczeczos the Spriggan Brigand began the quest for the
                  | Orb.
     0 | D:1      | Reached XP level 1. HP: 10/10 MP: 2/2
   450 | D:1      | Reached skill level 1 in Ranged Weapons
   450 | D:1      | Reached XP level 2. HP: 15/15 MP: 3/3
   973 | D:2      | Noticed Robin
  1162 | D:2      | Noticed Sigmund
  1192 | D:2      | Killed Sigmund
  1193 | D:2      | Reached XP level 3. HP: 20/20 MP: 4/4
  1193 | D:2      | Reached XP level 4. HP: 24/24 MP: 5/5
  1193 | D:2      | Reached XP level 5. HP: 28/28 MP: 6/6
  1662 | D:2      | Killed Robin
  2604 | D:4      | Reached XP level 6. HP: 28/32 MP: 7/7
  2959 | D:3      | HP: 8/33 [gnoll bouda/+0 club (7)]
  2960 | D:3      | HP: 3/33 [gnoll bouda/+0 club (6)]
  3704 | D:5      | Entered Level 5 of the Dungeon
  3767 | D:5      | Reached skill level 5 in Ranged Weapons
  3935 | D:5      | Reached XP level 7. HP: 20/37 MP: 8/8
  4008 | D:5      | Found a snail-covered altar of Cheibriados.
  4017 | D:5      | Found a glowing golden altar of the Shining One.
  4309 | D:6      | Found a staircase to the Ecumenical Temple.
  4663 | D:6      | Reached skill level 5 in Fighting
  4686 | Temple   | Entered the Ecumenical Temple
  4703 | Temple   | Became a worshipper of Hepliaklqana the Forgotten
  4864 | D:6      | Found an ancient bone altar of Kikubaaqudgha.
  5202 | D:6      | Noticed a steam dragon
  5300 | D:6      | Reached XP level 8. HP: 44/44 MP: 9/9
  5806 | D:6      | Found a shadowy altar of Dithmenos.
  5809 | D:6      | Found a burning altar of Makhleb.
  5813 | D:6      | Found a radiant altar of Vehumet.
  6611 | D:6      | HP: 7/44 [elephant zombie (10)]
  7187 | D:6      | Found an ancient bone altar of Kikubaaqudgha.
  7302 | D:7      | Reached skill level 10 in Stealth
  7397 | D:7      | Found a large runed translucent door.
  7397 | D:7      | Found a large runed translucent door.
  7403 | D:7      | Noticed terter's ghost (novice DEEE)
  7410 | D:7      | Reached skill level 5 in Dodging
  7807 | D:7      | Reached skill level 5 in Short Blades
  8394 | D:8      | Reached XP level 9. HP: 48/48 MP: 10/10
  8418 | D:8      | Found a runed translucent gate.
  8418 | D:8      | Found a runed translucent gate.
  8418 | D:8      | Found a runed translucent gate.
  8450 | D:8      | Found a white marble altar of Elyvilon.
  8482 | D:8      | Noticed chipmonk's ghost (novice CoGl)
  8689 | D:8      | Reached * piety under Hepliaklqana
  9618 | D:9      | Noticed a two-headed ogre
  9631 | D:9      | Killed a two-headed ogre
  9693 | D:9      | Noticed Psyche
  9705 | D:9      | Killed Psyche
  9706 | D:9      | Reached skill level 1 in Invocations
  9788 | D:9      | Reached skill level 1 in Shapeshifting
  9837 | D:9      | Reached skill level 1 in Evocations
 10009 | D:9      | Found a hide-covered altar of Uskayaw.
 10101 | D:9      | Noticed a troll
 10121 | D:9      | Killed a troll
 10122 | D:9      | Reached XP level 10. HP: 49/49 MP: 12/12
 10293 | D:9      | Noticed a two-headed ogre
 10604 | D:9      | Killed a two-headed ogre
 11307 | D:10     | Entered Level 10 of the Dungeon
 11567 | D:10     | Reached ** piety under Hepliaklqana
 11568 | D:10     | Remembered your ancestor Nuheus as a hexer
 11769 | D:10     | Noticed a two-headed ogre
 11782 | D:10     | Killed a two-headed ogre
 11783 | D:10     | Reached XP level 11. HP: 55/55 MP: 14/14
 12080 | D:10     | Reached skill level 10 in Ranged Weapons
 12540 | D:11     | Noticed a boulder beetle
 12559 | D:11     | Killed a boulder beetle
 12606 | D:11     | Found a transporter.
 12608 | D:11     | Found a transporter.
 12762 | D:11     | Found a roughly hewn altar of Beogh.
 12866 | D:11     | Found a transporter.
 12867 | D:11     | Found a transporter.
 12927 | D:11     | Found a transporter.
 12970 | D:11     | Found a transporter.
 13013 | D:11     | Found a staircase to the Lair.
 13115 | D:11     | Reached skill level 10 in Fighting
 13376 | Lair:1   | Entered Level 1 of the Lair of Beasts
 13996 | Lair:1   | Reached *** piety under Hepliaklqana
 14033 | Lair:1   | Noticed a wolf spider
 14091 | Lair:1   | Killed a wolf spider
 14464 | Lair:1   | Reached skill level 10 in Dodging
 14760 | Lair:2   | Reached XP level 12. HP: 55/60 MP: 13/15
 14962 | Lair:2   | Reached skill level 5 in Shapeshifting
 15502 | Lair:2   | Reached **** piety under Hepliaklqana
 15795 | Lair:2   | Found a staircase to the Shoals.
 16508 | Lair:3   | Learned a level 2 spell: Blink
 16684 | Lair:3   | Reached skill level 1 in Translocations
 16712 | Lair:3   | Reached skill level 1 in Spellcasting
 16910 | Lair:3   | Reached ***** piety under Hepliaklqana
 16974 | Lair:3   | Found a staircase to the Snake Pit.
 17127 | Lair:3   | Reached XP level 13. HP: 59/66 MP: 17/17
 18049 | Lair:4   | Found a transporter.
 18054 | Lair:4   | Found a transporter.
 18054 | Lair:4   | Noticed Aquxosh's ghost (journeyman HuCj)
 18070 | Lair:4   | Identified the +8 sling of Virtue {freeze, Str+3 Dex+3}
 18537 | Lair:5   | Entered Level 5 of the Lair of Beasts
 18887 | Lair:5   | Reached skill level 10 in Shapeshifting
 18972 | Lair:5   | Reached skill level 5 in Evocations
 19002 | Lair:5   | Learned a level 7 spell: Enfeeble
 19093 | Lair:5   | Reached skill level 1 in Hexes
 19296 | Lair:5   | Reached skill level 2 in Hexes
 19538 | Lair:5   | Found a viscous altar of Jiyva.
 19680 | Lair:5   | Reached skill level 3 in Hexes
 19769 | Lair:5   | Found a staircase to the Slime Pits.
 19998 | Lair:5   | Noticed a dire elephant
 19998 | Lair:5   | Noticed a dire elephant
 19998 | Lair:5   | Noticed a dire elephant
 19999 | Lair:5   | Noticed a dire elephant
 20034 | Lair:5   | Noticed a dire elephant
 20108 | Lair:5   | Killed a dire elephant
 20236 | Lair:5   | Noticed a dire elephant
 20254 | Lair:5   | Killed a dire elephant
 20255 | Lair:5   | Reached skill level 4 in Hexes
 20537 | Lair:5   | Reached XP level 14. HP: 71/71 MP: 21/21
 20778 | Lair:5   | Reached skill level 5 in Hexes
 21047 | Lair:5   | Reached skill level 6 in Hexes
 21293 | Lair:5   | Reached skill level 7 in Hexes
 21662 | Lair:5   | Reached skill level 8 in Hexes
 22027 | D:12     | Found a roughly hewn altar of Beogh.
 22027 | D:12     | Found a staircase to the Orcish Mines.
 22046 | D:12     | Reached skill level 9 in Hexes
 22622 | D:12     | Reached skill level 10 in Hexes
 22718 | Orc:1    | Entered Level 1 of the Orcish Mines
 22719 | Orc:1    | Reached ****** piety under Hepliaklqana
 22729 | Orc:1    | Noticed Maurice
 22742 | Orc:1    | Killed Maurice
 22881 | Orc:1    | Noticed Urug
 22889 | Orc:1    | Killed Urug
 22890 | Orc:1    | Reached skill level 5 in Invocations
 23398 | Orc:1    | Noticed Erolcha
 23409 | Orc:1    | Killed Erolcha
 23483 | Orc:2    | Entered Level 2 of the Orcish Mines
 23814 | Orc:2    | Noticed Josephine
 23903 | Orc:2    | Killed Josephine
 24862 | Orc:2    | Found Offyitiq's Antique Armour Shoppe.
 24862 | Orc:2    | Found Xuhuc's Antique Weapon Emporium.
 24864 | Orc:2    | Found Giabe's Weapon Emporium.
 24876 | Orc:2    | Found Tolore Gose's Distillery.
 25040 | Orc:2    | Found a staircase to the Elven Halls.
 25833 | D:13     | Found a frozen archway.
 25841 | IceCv    | Entered an ice cave
 26246 | IceCv    | Reached XP level 15. HP: 75/75 MP: 22/22
 26833 | IceCv    | Reached skill level 11 in Hexes
 27017 | IceCv    | Got the Grimoire of Hoarfrost
 28675 | D:13     | Reached skill level 12 in Hexes
 28907 | D:13     | Found a gate to the Vaults.
 29447 | D:14     | Reached skill level 15 in Shapeshifting
 30610 | D:14     | Noticed a frost giant
 30707 | D:14     | HP: 7/75 [frost giant/bolt of cold (36)]
 30713 | D:14     | Killed a frost giant
 32125 | D:14     | Found a runed translucent gate.
 32125 | D:14     | Found a runed translucent gate.
 32125 | D:14     | Found a runed translucent gate.
 32140 | D:14     | Noticed Peqemp's ghost (journeyman MiMo)
 32140 | D:14     | Noticed Uzxid's ghost (journeyman MfGl)
 32231 | D:14     | You are sucked into a shaft and drop 1 floor!
 32231 | D:15     | Entered Level 15 of the Dungeon
 32891 | D:15     | Reached XP level 16. HP: 79/79 MP: 23/23
 33307 | D:15     | Found a hazy altar of Hepliaklqana.
 33607 | D:15     | HP: 15/79 [deep troll earth mage (15)]
 33611 | D:15     | HP: 5/79 [deep troll earth mage/blast of rock fragments
                  | (11)]
 33866 | D:15     | Found a staircase to the Depths.
 34129 | Shoals:1 | Entered Level 1 of the Shoals
 34234 | Shoals:1 | Found Maredgh's Assorted Antiques.
 34235 | Shoals:1 | Noticed Roxanne
 34728 | Shoals:1 | Reached skill level 15 in Ranged Weapons
 35918 | Shoals:1 | Killed Roxanne
 36024 | Shoals:1 | Bought a transparent dagger for 189 gold pieces
 36024 | Shoals:1 | Identified the +6 dagger "Uno Unis" {protect, Fly Int+2}
                  | (You bought it in a shop on level 1 of the Shoals)
 36141 | Snake:1  | Entered Level 1 of the Snake Pit
 36424 | Lair:3   | HP: 25/102 [shock serpent/bolt of electricity (2)]
 36748 | Snake:1  | Learned a level 4 spell: Anguish
 36748 | Snake:1  | Upgraded the game from 0.32-a0-791-gfc315c9ecd to
                  | 0.32-a0-798-gfa783ce77f
 36814 | Snake:1  | Identified the ring "Tusam" {rPois rC+ Int+2}
 37082 | Snake:1  | Reached skill level 1 in Necromancy
 37680 | Snake:1  | Reached skill level 5 in Spellcasting
 37782 | Snake:1  | Found Newk's Book Emporium.
 37782 | Snake:1  | Found Tufank's Jewellery Shop.
 37783 | Snake:1  | Found Ygged's Book Emporium.
 37847 | Snake:1  | Reached XP level 17. HP: 50/83 MP: 25/25
 38423 | Snake:2  | Noticed Tytzein's ghost (adept DjAl)
 38423 | Snake:2  | Found a runed translucent door.
 38423 | Snake:2  | Found a shimmering altar of Xom.
 38461 | Snake:2  | You fall into a shaft and drop 1 floor!
 38760 | Snake:3  | HP: 26/107 [shock serpent/bolt of electricity (3)]
 39305 | Snake:2  | Reached skill level 13 in Hexes
 41206 | Snake:4  | Entered Level 4 of the Snake Pit
 41257 | Snake:4  | Learned a level 6 spell: Dispersal
 41373 | Snake:4  | Reached skill level 14 in Hexes
 41768 | Snake:3  | HP: 24/107 [nagaraja/+0 flail (11)]
 42441 | Snake:4  | Reached skill level 5 in Translocations
 42474 | Snake:4  | Reached XP level 18. HP: 88/88 MP: 28/28
 43067 | Shoals:1 | Bought a scroll of teleportation for 81 gold pieces
 43262 | Orc:2    | Bought a runed scarf for 280 gold pieces
 43680 | Shoals:2 | Found Xighe's Armour Shop.
 43758 | Shoals:2 | Found Vinget Ocy's Visitors' Centre.
 44070 | Shoals:2 | Found Timione's Assorted Antiques.
 44086 | Shoals:2 | Bought a scroll of teleportation for 108 gold pieces
 44086 | Shoals:2 | Bought a scroll of identify for 72 gold pieces
 44102 | Shoals:2 | Reached skill level 15 in Hexes
 44223 | Shoals:2 | Found Vinget Ocy's Merfolk Armours.
 44228 | Shoals:2 | Found Vinget Ocy's Merfolk Magic.
 44228 | Shoals:2 | Found Vinget Ocy's Merfolk Weapons.
 44231 | Shoals:2 | Bought a scroll of teleportation for 300 gold pieces
 44890 | Shoals:3 | Found Kaikhliale's Jewellery Boutique.
 45081 | Shoals:3 | Identified the +4 scale mail "Eclussomp" {rElec rF+ rC+
                  | SInv}
 45266 | Shoals:3 | Found Myqaegog's Weapon Boutique.
 45311 | Shoals:3 | HP: 11/114 [tentacle[a kraken] (18)]
 46107 | Shoals:4 | Entered Level 4 of the Shoals
 46115 | Shoals:4 | Reached skill level 16 in Hexes
 46115 | Shoals:4 | Reached XP level 19. HP: 91/91 MP: 30/30
 46125 | Shoals:4 | Noticed Polyphemus
 46365 | Shoals:3 | Killed Polyphemus
 47107 | Shoals:4 | Noticed Bai Suzhen
 47129 | Shoals:4 | Killed Bai Suzhen
 47234 | Shoals:4 | Reached skill level 10 in Translocations
 47518 | Shoals:4 | Got a barnacled rune of Zot
 48038 | Shoals:4 | Reached XP level 20. HP: 97/97 MP: 29/31
 48706 | Snake:4  | Reached skill level 17 in Hexes
 48866 | Snake:4  | Identified the +7 triple sword "Gitut" {flame, +Blink}
 49327 | Snake:4  | Got a serpentine rune of Zot
 49653 | Elf:1    | Entered Level 1 of the Elven Halls
 49897 | Elf:1    | Found a huge runed translucent gate.
 49898 | Elf:1    | Found a huge runed translucent gate.
 49899 | Elf:1    | Found a huge runed translucent gate.
 49902 | Elf:1    | Found a huge runed translucent gate.
 49902 | Elf:1    | Found a huge runed translucent gate.
 49902 | Elf:1    | Found a huge runed translucent gate.
 49903 | Elf:1    | Found a huge runed translucent gate.
 49903 | Elf:1    | Found a huge runed translucent gate.
 49903 | Elf:1    | Found a huge runed translucent gate.
 49903 | Elf:1    | Found a huge runed translucent gate.
 49903 | Elf:1    | Found a huge runed translucent gate.
 49903 | Elf:1    | Found a huge runed translucent gate.
 49904 | Elf:1    | Found a huge runed translucent gate.
 49904 | Elf:1    | Found a huge runed translucent gate.
 49904 | Elf:1    | Found a huge runed translucent gate.
 49904 | Elf:1    | Found a huge runed translucent gate.
 49904 | Elf:1    | Found a huge runed translucent gate.
 49904 | Elf:1    | Found a huge runed translucent gate.
 49964 | Elf:1    | Found a huge runed translucent gate.
 50347 | Elf:1    | Found a huge runed translucent gate.
 50618 | Elf:1    | HP: 25/127 [deep elf blademaster/+0 rapier (10)]
 50907 | Elf:2    | Noticed Zenata
 50966 | Elf:2    | Paralysed by an air elemental for 1 turns
 50993 | Elf:2    | Killed Zenata
 51005 | Elf:2    | Reached skill level 18 in Hexes
 51047 | Elf:2    | Found a runed translucent gate.
 51047 | Elf:2    | Found a runed translucent gate.
 51050 | Elf:2    | Found a runed translucent gate.
 51132 | Elf:2    | Paralysed by an air elemental for 1 turns
 51554 | Elf:2    | Identified the +1 chain mail "Naptif" {rElec}
 51855 | Elf:3    | Entered Level 3 of the Elven Halls
 52058 | Elf:3    | Found Etu Huwk's Weapon Emporium.
 52135 | Elf:3    | Found Laifei's Distillery.
 52140 | Elf:3    | Bought a potion of heal wounds for 95 gold pieces
 52140 | Elf:3    | Bought 2 potions of haste for 380 gold pieces
 52140 | Elf:3    | Bought 2 potions of heal wounds for 190 gold pieces
 52140 | Elf:3    | Bought a potion of cancellation for 152 gold pieces
 54086 | Elf:3    | Identified the +3 flail of the Peculiar Teeth {protect,
                  | rElec rC++ rCorr Stlth-}
 54244 | Elf:3    | Found the +8 longbow "Zephyr" {speed, Dex+3 SInv}
 54262 | Elf:3    | Identified the +2 arbalest of Intuition {freeze, Fly}
 54268 | Elf:3    | Identified the +1 flail of Experimentation {holy, rPois
                  | Dex+3}
 54272 | Elf:3    | Identified the +2 rapier of Corpus Delicti {freeze, Str+2}
 54569 | Elf:3    | Learned a level 8 spell: Discord
 54750 | Vaults:1 | Entered Level 1 of the Vaults
 54772 | Vaults:1 | Reached XP level 21. HP: 103/103 MP: 34/34
 55164 | Vaults:1 | Reached skill level 19 in Hexes
 55451 | Vaults:1 | Got Ypto's Teachings on Hylic Fire
 56221 | Vaults:1 | Reached skill level 20 in Hexes
 56246 | Vaults:2 | Reached skill level 15 in Translocations
 57051 | Vaults:2 | Learned a level 5 spell: Summon Mana Viper
 57082 | Vaults:2 | Reached skill level 1 in Summonings
 57782 | Vaults:2 | Found a staircase to the Crypt.
 58277 | Vaults:3 | Reached skill level 21 in Hexes
 58598 | Vaults:3 | Reached XP level 22. HP: 108/108 MP: 35/35
 59188 | Vaults:3 | Reached skill level 22 in Hexes
 59468 | Vaults:3 | Found Jutozy's Book Boutique.
 60181 | Vaults:4 | Found Jovohes's Assorted Antiques.
 60186 | Vaults:4 | Bought a scroll of teleportation for 132 gold pieces
 60315 | Vaults:4 | Found a portal to a secret trove of treasure.
 60318 | Vaults:4 | Identified the +1 quarterstaff of Vodka {elec, Str+4}
 60374 | Trove    | Entered a treasure trove
 60401 | Trove    | Found the ring of the Mage {Wiz Archmagi}
 60401 | Trove    | Found the +4 skin of Zhor {*Englaciate rC+++ SInv}
 60415 | Trove    | Identified the ring "Boacw" {rF+ rCorr MP+9 Int+4}
 60421 | Trove    | Got Sif Muna's Handbook of Hapless Accelerants
 60449 | Trove    | Learned a level 3 spell: Tukima's Dance
 62033 | Depths:1 | Entered Level 1 of the Depths
 62033 | Depths:1 | Found Wewaotio's Book Shop.
 63154 | Depths:1 | Found Pytzas's Antique Armour Shoppe.
 63299 | Depths:1 | Found a one-way gate to the infinite horrors of the Abyss.
 63445 | Depths:1 | Found a gateway to Hell.
 64217 | Depths:1 | Found a runed translucent door.
 64218 | Depths:1 | Noticed Baicef's ghost (veteran MfIE)
 64225 | Depths:1 | Reached skill level 23 in Hexes
 64335 | Depths:1 | Found Zitekhlei's Distillery.
 64344 | Depths:1 | Bought a potion of haste for 220 gold pieces
 64555 | Depths:1 | Found a hide-covered altar of Uskayaw.
 64821 | Depths:2 | Found a blossoming altar of Fedhas.
 65026 | Depths:2 | Found a corrupted altar of Lugonu.
 65036 | Depths:2 | Reached skill level 10 in Spellcasting
 65966 | Depths:2 | Reached skill level 24 in Hexes
 66306 | Depths:2 | Reached XP level 23. HP: 111/111 MP: 38/38
 67345 | Depths:2 | Found a one-way gate leading to the halls of Pandemonium.
 67362 | Depths:2 | Found a one-way gateway to a ziggurat.
 67362 | Depths:2 | Noticed a dread lich
 67509 | Depths:2 | Reached skill level 15 in Fighting
 67531 | Depths:3 | Noticed Mennas
 67560 | Depths:3 | Found Fonud's Mass Market.
 68150 | Crypt:1  | Entered Level 1 of the Crypt
 68469 | Crypt:1  | Found a runed translucent door.
 69281 | Crypt:1  | Noticed Semo's ghost (veteran OnAl)
 69401 | Crypt:2  | Found an ancient bone altar of Kikubaaqudgha.
 69809 | Crypt:2  | Reached skill level 25 in Hexes
 70020 | Crypt:3  | Entered Level 3 of the Crypt
 70611 | Crypt:3  | Found a staircase to the Tomb.
 71061 | Crypt:3  | Found a basalt altar of Yredelemnul.
 71572 | Crypt:3  | Noticed a curse toe
 71577 | Crypt:3  | Identified the ring "Casyhouz" {rN++ Int+6 Dex+3 SInv}
 72401 | Crypt:3  | Killed a curse toe
 72732 | Crypt:3  | Found an ancient bone altar of Kikubaaqudgha.
 72739 | Crypt:3  | Found a basalt altar of Yredelemnul.
 72852 | Crypt:3  | Identified the ring of Fedhas's Supremacy {+Blink rN++
                  | SInv}
 72852 | Crypt:3  | Identified the ring of Xom's Full Attention {Fire ^Drain
                  | rPois rN++ rCorr Stlth+}
 72981 | Crypt:3  | Identified a scroll of acquirement {!r}
 72981 | Crypt:3  | Acquired the +0 hat "Jaubb" {Stlth+}
 73323 | Depths:2 | Found a corrupted altar of Lugonu.
 73338 | Depths:2 | Found a blossoming altar of Fedhas.
 73481 | Depths:2 | Killed Mennas
 73682 | D:14     | Killed Uzxid's ghost
 73693 | D:14     | Killed Peqemp's ghost
 73801 | D:14     | Acquired 1007 gold pieces
 74576 | Depths:3 | Reached XP level 24. HP: 116/116 MP: 38/38
 75449 | Depths:3 | Identified the +10 plate armour of Qentoit {^Contam Int-3
                  | Dex+4}
 75564 | Depths:4 | Entered Level 4 of the Depths
 75921 | Depths:4 | Noticed Xtahua
 75942 | Depths:4 | HP: 29/152 [spriggan rider/+0 spear (11)]
 75943 | Depths:4 | HP: 10/152 [Xtahua/searing blast (29)]
 76232 | Depths:3 | Killed Xtahua
 76405 | Depths:4 | Learned a level 8 spell: Disjunction
 76682 | Depths:4 | Found a gate to the Realm of Zot.
 77936 | D:8      | Killed chipmonk's ghost
 77968 | D:8      | Got the ring "Joumn" {Fire rElec Will+ rCorr Dex-4 Slay+3}
 78236 | Vaults:5 | Entered Level 5 of the Vaults
 78251 | Vaults:5 | Noticed a dread lich
 78257 | Vaults:5 | Reached skill level 26 in Hexes
 78490 | Vaults:5 | Noticed a dread lich
 78503 | Vaults:5 | Killed a dread lich
 78636 | Vaults:5 | HP: 25/117 [yaktaur/bolt[a yaktaur captain] (18)]
 79111 | Vaults:5 | Got a silver rune of Zot
 79115 | Vaults:5 | Identified the +0 pair of gloves "Wiuhorpha" {-Tele Fly
                  | rElec rC- Str+4}
 80668 | Vaults:5 | Reached XP level 25. HP: 109/122 MP: 40/40
 80868 | Vaults:5 | HP: 22/123 [titan (49)]
 80879 | Vaults:4 | Killed from afar by a quicksilver dragon

Illustrated notes

Levels and vault maps discovered:
D:1:      minmay_arrival_widening_spiral_wide, layout_basic,
          nicolae_twisty_statue_hallways
D:2:      layout_rooms, serial_corexii_hall, chequers_hall_statues_y,
          chequers_hall_statues_corner_a, uniq_sigmund, uniq_robin
D:3:      layout_loops_ring, minmay_goblin_kobold_house
D:4:      layout_rooms, minivault_14
D:5:      layout_cave_pools, amethyst_overflow_temple_binary
D:6:      layout_rooms, grunt_temple_overflow_diamond,
          lemuel_zombie_altar_kikubaaqudgha,
          minmay_temple_entry_statues_fountains, roadster_capsule_ark_zombie
D:7:      layout_basic, ebering_ghost_disaster_area, minivault_1,
          nicolae_tricolors
D:8:      layout_basic, nicolae_overflow_crystal_walls, gammafunk_ghost_icy
D:9:      layout_loops_cross, mainiacjoe_overflow_surrounded_room, minivault_25,
          uniq_psyche
D:10:     layout_roguey
D:11:     layout_loops_ring, erik_lair_island, special_room [special_room_orc],
          serial_nicolae_subway, nicolae_sub_station_metal,
          nicolae_sub_station_crystal, nicolae_sub_station_stone
D:12:     layout_cave_pools, david_orc_5, nicolae_letterblocks
          [nicolae_letter_subblock, nicolae_letter_subblock,
          nicolae_letter_subblock, nicolae_letter_subblock,
          nicolae_letter_subblock, nicolae_letter_subblock,
          nicolae_letter_subblock, nicolae_letter_subblock,
          nicolae_letter_subblock, nicolae_letter_subblock,
          nicolae_letter_subblock, nicolae_letter_subblock,
          nicolae_letter_subblock, nicolae_letter_subblock,
          nicolae_letter_subblock, nicolae_letter_subblock,
          nicolae_letter_subblock, nicolae_letter_subblock,
          nicolae_letter_subblock, nicolae_letter_subblock,
          nicolae_letter_subblock, nicolae_letter_subblock,
          nicolae_letter_subblock, nicolae_letter_subblock,
          nicolae_letter_subblock]
D:13:     layout_loops_cross, hangedman_vaults_entry_quadrant_bands,
          portal_ice_cave_entry_pillars_2, serial_park_tiny_1
D:14:     nicolae_fronds_of_death, layout_gridville, gammafunk_ghost_cemetery
D:15:     hellmonk_depths_entry_around_the_bend, layout_rooms,
          serial_library_hellmonk_semicircle, nzn_hepliaklqana_mist_gate
Temple:   eino_temple_water
Lair:1:   minmay_lair_venomous_thicket, layout_layer_cave, grunt_megastairs_3
Lair:2:   layout_regular_city, minmay_shoals_entry_hut, minivault_27
Lair:3:   layout_layer_cave, minmay_snake_entry_six_corridors
Lair:4:   layout_roguey, gammafunk_ghost_hive, hellmonk_talismancer,
          lemuel_fruit_fields
Lair:5:   due_jungle_book, layout_regular_city, nicolae_slime_entry_field_trip,
          minivault_19, chequers_serial_rivers_micro_a, grunt_megastairs_1
Shoals:1: layout_shoals, serial_shops, shop, nicolae_shoals_secluded_bog,
          uniq_roxanne
Shoals:2: nicolae_shoals_mermall, layout_shoals, serial_shops,
          nicolae_shop_overgrown_old_shop, nicolae_stop_n_shop_2, st_cyclops
Shoals:3: layout_shoals, nicolae_take_the_stairs, nicolae_stop_n_shop_2
Shoals:4: shoals_end_grunt_garden, layout_shoals, uniq_bai_suzhen,
          uniq_polyphemus
Snake:1:  layout_misc_corridors, nicolae_snake_storage_room,
          serial_bayou_shore_a, minmay_shop_grove, serial_bayou_shore_b
Snake:2:  layout_chambers, ebering_ghost_xom, drop_trap
Snake:3:  layout_misc_corridors, serial_bayou_pond_c
Snake:4:  grunt_snake_rune_spirals, layout_onion
Orc:1:    layout_diamond_mine, uniq_erolcha, uniq_urug, uniq_maurice
Orc:2:    st_orc_mages, layout_caves, uniq_josephine
Elf:1:    layout_loops_cross, hangedman_elf_represent, grunt_megastairs_5
Elf:2:    elven_hall_of_blades_hangedman_original [nicolae_blade_little_rooms],
          layout_geoelf_diagonals, uniq_zenata
Elf:3:    elf_hall_gauntlet_wide, layout_loops_corners, serial_shops,
          nicolae_shop_hallway_plus, nicolae_shop_mannequins
Vaults:1: nicolae_vaults_little_ls, ontoclasm_vaults_decontamination,
          nicolae_vaults_more_shelving_1, v_misc_4,
          kennysheep_ogre_elephant_herders, nicolae_vaults_ninety_degrees,
          v_misc_15, hangedman_vaults_slice, v_misc_31,
          nicolae_vaults_closet_pinwheel_1, nicolae_vaults_storage_room_glass,
          layout_vaults_omnibox
Vaults:2: v_misc_13, hangedman_vaults_slice, nicolae_vaults_ring_of_whatevers,
          st_star, vaults_room_corners, vaults_standard_mumra_lines,
          layout_vaults_omnigrid, minmay_crypt_entry_simple_box
Vaults:3: nicolae_vaults_little_squares_4, hangedman_vaults_stream,
          nicolae_vaults_an_arrangement, nicolae_vaults_specimen_jars,
          v_alt_pattern_3, nicolae_vaults_border_crossing, vaults_mumra_hexcomb,
          grunt_vaults_hallway_short, nicolae_vaults_tetromino_L_2,
          grunt_vaults_funnel, vaults_room_corners, vaults_room_hallway,
          layout_vaults_big_cross, serial_shops, shop
Vaults:4: ontoclasm_vaults_shuriken, nicolae_vaults_trapezoid_1,
          nicolae_vaults_whirlpool_walls, v_misc_28, v_misc_12, serial_ice_h,
          nicolae_vaults_closet_pinwheel_4, hangedman_vaults_snaps,
          vaults_room_grunt_arrival_checkpoint, vaults_mumra_chevron,
          nicolae_vaults_tetromino_T_2, nicolae_vaults_trapezoid_lopsided_1,
          layout_vaults_ring, serial_shops, nicolae_square_shop, enter_trove_0
Vaults:5
Crypt:1:  layout_misc_corridors, ebering_ghost_reflecting_pool,
          grunt_crypt_arrival_guarded_gate
Crypt:2:  layout_misc_corridors, basic_altar
Crypt:3:  lightli_unholy_cathedral, layout_chaotic_city,
          tomb_entry_forgotten_bobbens, minivault_19, weyrava_vampire_temple
Depths:1: layout_small_grid, nicolae_abyss_entry_one_way_or_another,
          serial_shops, nicolae_shop_competitors_out_of_business, shop,
          kennysheep_little_box, hangedman_geh_valley,
          muffindrake_ghost_three_little_ghosts,
          nicolae_uskayaw_murder_on_the_dancefloor
Depths:2: minmay_the_grid_square_5x5_4x4 [minmay_the_grid_square_5x5_plus,
          minmay_the_grid_square_5x5_pentomino_r,
          minmay_the_grid_square_5x5_six_small, minmay_the_grid_square_5x5_c,
          minmay_the_grid_square_5x5_tri_point,
          minmay_the_grid_square_5x5_prize_gold,
          minmay_the_grid_square_5x5_prize_monsterx,
          minmay_the_grid_square_5x5_inset,
          minmay_the_grid_square_5x5_trominoes,
          minmay_the_grid_square_5x5_prize_itemx,
          minmay_the_grid_square_5x5_prize_pseudospiral,
          minmay_the_grid_square_5x5_forky, minmay_the_grid_square_5x5_minibox,
          minmay_the_grid_square_5x5_comb, minmay_the_grid_square_5x5_hourglass,
          minmay_the_grid_square_5x5_n_small], layout_basic, enter_ziggurat_c,
          abyss_entry_flame_altar, hellmouth_1, rand_demon_pan_entry_8,
          grunt_decor_arrowhead, fedhas_altar_3, infiniplex_staircase_pool_2
Depths:3: minmay_containers, layout_cave_shapes, hell_entry, abyss_entry,
          minmay_misc_feat_tower, minmay_shop_mass, infiniplex_staircase_river,
          uniq_mennas
Depths:4: grunt_x_marks_the_spot, layout_basic, pf_hell_entry_tar_spiral,
          uniq_xtahua

Skill      XL: |  1  2  3  4  5  6  7  8  9 10 11 12 13 14 15 16 17 18 19 20 21 22 23 24 |
---------------+-------------------------------------------------------------------------+-----
Fighting       | 2 3 4 5 6 7 9 10 11 12 14 15 | 15.7
Ranged Weapons | 1 3 4 5 8 9 11 12 13 14 15 16 17 18 | 18.0
Stealth        | 6 7 10 11 13 | 13.0
Dodging        | 3 4 5 10 11 12 | 12.0
Short Blades   | 3 5 |  5.0
Invocations    | 2 3 4 5 6 7 |  7.0
Shapeshifting  | 2 3 4 8 11 13 16 18 19 20 23 | 23.0
Evocations     | 1 6 7 8 |  8.0
Translocations | 2 5 8 10 11 16 18 22 | 22.0
Spellcasting   | 2 4 5 6 7 8 10 12 | 12.0
Hexes          | 4 10 12 14 16 18 21 24 25 26 | 26.0
Necromancy     | 2 4 |  4.0
Summonings     | 4 |  4.0
Throwing       | |  2.0

Action                     |  1- 3 |  4- 6 |  7- 9 | 10-12 | 13-15 | 16-18 | 19-21 | 22-24 | 25-27 || total
---------------------------+-------+-------+-------+-------+-------+-------+-------+-------+-------++-------
  Melee: Dagger            |     2 |   102 |   439 |    13 |    13 |   107 |     3 |     2 |       ||   681
         Rapier            |       |       |       |       |       |     3 |       |       |       ||     3
   Fire: Sling             |    56 |   225 |    48 |       |  1780 |   499 |       |       |       ||  2608
         Shortbow          |       |       |   109 |       |       |       |       |       |       ||   109
         Orcbow            |       |       |    10 |   723 |    57 |       |       |       |       ||   790
         Arbalest          |       |       |       |       |       |   989 |  1098 |  1793 |    28 ||  3908
  Throw: Dart              |     3 |     7 |    24 |     3 |     4 |       |       |       |       ||    41
         Throwing net      |       |       |       |       |       |       |       |     5 |       ||     5
   Cast: Anguish           |       |       |       |       |       |    20 |    37 |    12 |       ||    69
         Enfeeble          |       |       |       |       |       |       |    83 |   150 |     6 ||   239
         Discord           |       |       |       |       |       |       |     5 |    49 |       ||    54
         Tukima's Dance    |       |       |       |       |       |       |       |    47 |       ||    47
         Blink             |       |       |       |       |       |       |       |     3 |       ||     3
         Summon Mana Viper |       |       |       |       |       |       |       |     7 |       ||     7
 Invoke: Recall Ancestor   |       |       |     2 |     7 |    10 |     7 |     9 |    14 |       ||    49
         Ancestor Life: He |       |       |       |     1 |       |       |       |       |       ||     1
         Idealise          |       |       |       |       |       |     4 |     8 |       |       ||    12
  Evoke: Wand              |       |       |     9 |     3 |     3 |    14 |    13 |    26 |       ||    68
         Phial of floods   |       |       |       |       |       |     1 |       |     3 |       ||     4
         Lightning rod     |       |       |       |       |       |       |     1 |    12 |       ||    13
         Phantom mirror    |       |       |       |       |       |       |       |     2 |       ||     2
    Use: Scroll            |       |       |     6 |     9 |     9 |    23 |    15 |    16 |     1 ||    79
         Potion            |       |       |       |       |     2 |     4 |     2 |     8 |       ||    16
   Stab: Sleeping          |       |       |     6 |       |     1 |     2 |     2 |     2 |       ||    13
         Paralysed         |       |       |       |       |     1 |     8 |       |       |       ||     9
         Distracted        |       |       |       |       |       |     1 |       |       |       ||     1
 Armour: Robe              |    14 |    61 |   208 |    80 |   137 |    33 |       |    40 |     7 ||   580
         Skin              |       |       |       |       |       |   670 |   338 |  1080 |       ||  2088
  Dodge: Dodged            |    21 |   168 |   356 |   155 |   280 |   958 |   603 |  1632 |     7 ||  4180
  Block: Other             |       |       |       |       |     3 |   189 |    93 |   273 |       ||   558
         Reflection        |       |       |       |       |     2 |    28 |    25 |    22 |       ||    77
   Form: Statue            |       |       |       |       |       |     1 |       |     1 |       ||     2
                           |       |       |       |       |       |       |       |     1 |       ||     1
         Death             |       |       |       |       |       |       |       |     1 |       ||     1

Table legend: (Time is in decaauts)
 A = Elapsed time spent in this place.
 B = Non-inter-level travel time spent in this place.
 C = Inter-level travel time spent in this place.
 D = Time resting spent in this place.
 E = Time spent auto-exploring this place.
 F = Levels seen in this place.
 G = Mean time per level.
                   A        B        C        D        E       F      G
               +--------+--------+--------+--------+--------+-----+--------+
         Total |  92668 |  85390 |   7278 |  35226 |  28375 |  48 | 1930.6 |
       Dungeon |  18909 |  16868 |   2041 |   7587 |   5340 |  15 | 1260.6 |
        Temple |    338 |    319 |     19 |    307 |      0 |   1 |  338.0 |
          Lair |   7597 |   6628 |    969 |   2621 |   2509 |   5 | 1519.4 |
        Shoals |   9248 |   8526 |    722 |   3420 |   2395 |   4 | 2312.0 |
     Snake Pit |  10831 |  10242 |    589 |   3536 |   3460 |   4 | 2707.8 |
  Orcish Mines |   2808 |   2289 |    519 |   1179 |    637 |   2 | 1404.0 |
   Elven Halls |   7513 |   7099 |    414 |   2410 |   2775 |   3 | 2504.3 |
        Vaults |  13327 |  12471 |    856 |   4776 |   4874 |   5 | 2665.4 |
         Crypt |   7354 |   7090 |    264 |   2870 |   2313 |   3 | 2451.3 |
        Depths |  13422 |  12541 |    881 |   5805 |   3883 |   4 | 3355.5 |
         Trove |    116 |    116 |      0 |      0 |     42 |   1 |  116.0 |
      Ice Cave |   1198 |   1198 |      0 |    710 |    142 |   1 | 1198.0 |
               +--------+--------+--------+--------+--------+-----+--------+

Top non-repeatable levels by time:
Depths:2: 4934 daAuts
Depths:1: 4155 daAuts
   Elf:3: 3720 daAuts
 Snake:4: 3549 daAuts
 Crypt:3: 3274 daAuts
Shoals:3: 3095 daAuts
    D:14: 3046 daAuts
Vaults:4: 2995 daAuts
Vaults:2: 2918 daAuts
Vaults:3: 2584 daAuts
 Snake:1: 2536 daAuts
Vaults:1: 2480 daAuts
 Snake:2: 2451 daAuts
    D:15: 2372 daAuts
Shoals:2: 2370 daAuts
